 Dungeon Crawl Stone Soup version 0.31.0-32-g396128a36d (webtiles) character file.

Game seed: 18260522018929921357

922 imdaedric the Ducker (level 7, 0/35 (39) HPs)
             Began as a Felid Berserker on Apr 22, 2024.
             Was a Priest of Trog.
             Slain by a wight
             ... wielding a +0 morningstar
              (11 damage)
             ... on level 6 of the Dungeon.
             The game lasted 00:07:39 (5255 turns).

imdaedric the Ducker (Felid Berserker)              Turns: 5255, Time: 00:07:39

HP:   0/35 (39)     AC:  2    Str: 15    XL:     7   Next: 84%
MP:   17/17         EV: 20    Int: 11    God:    Trog [***...]
Gold: 265           SH:  0    Dex: 15    Spells: 6/6 levels left
                                        Lives: 0   Deaths: 3

rFire   . .          .
                       - Unarmed
rCold   . . .        (shield unavailable)
rNeg    . . .        (body armour unavailable)
rPois   .            (helmet unavailable)
rElec   .            (cloak unavailable)
rCorr   .            (gloves unavailable)
SInv    +            (boots unavailable)
Will    +....        (no amulet)
Stlth   +            o - ring of magical power
HPRegen 0.25/turn    (no ring)
MPRegen 0.15/turn

%: no passive effects
@: heavily drained
A: very small, claws 1, fangs 3, see invisible, shaggy fur 2, stealthy paws, no
weapons or thrown items, no armour, multi-lived
a: Renounce Religion, Berserk, Trog's Hand


You were on level 6 of the Dungeon.
You worshipped Trog.
Trog was most pleased with you.
You visited 1 branch of the dungeon, and saw 6 of its levels.

You collected 265 gold pieces.

Inventory:

Jewellery
 o - a ring of magical power (left paw)
Wands
 e - a wand of light (5)
 i - a wand of mindburst (11)
 j - a wand of flame (7)
Scrolls
 a - a scroll of blinking
 b - 2 scrolls of fog
 c - a scroll of summoning
 f - 2 scrolls of vulnerability
 h - a scroll of revelation
 k - a scroll of poison {unknown}
 m - a scroll of silence {unknown}
Potions
 d - a potion of curing
 g - a potion of berserk rage {unknown}
 l - 2 potions of mutation {unknown}
 n - a potion of heal wounds {unknown}
 p - a potion of ambrosia {unknown}


   Skills:
 + Level 5.3 Fighting
 + Level 7.2 Dodging
 + Level 5.3 Unarmed Combat
 + Level 3.4 Shapeshifting


You had 6 spell levels left.
You didn't know any spells.
Your spell library was empty.

Dungeon Overview and Level Annotations

Branches:
Dungeon (6/15)
 Temple: D:4-7

Altars:
Cheibriados
Gozag
Hepliaklqana
Makhleb
Sif Muna
Zin

Shops:
D:6 ?

Annotations:
D:4 2 transporters


Innate Abilities, Weirdness & Mutations

You have sharp claws.
You have razor-sharp teeth.
You have supernaturally acute eyesight. (SInv)
You are covered in thick fur. (AC +2)
Your paws help you pounce on unaware monsters.
You are incapable of wielding weapons or throwing items.
You cannot wear armour.
You gain extra lives every three experience levels.


Message History

No target in view!
No target in view!
No target in view!
No target in view!
No target in view!
No target in view!
No target in view!
HP restored.
There is a stone staircase leading up here.
There is an entrance to Jeenesorph's Magic Scroll Shoppe here.
You can access your shopping list by pressing '$'.
You are no longer corroded.
Key pressed, stopping explore.
p - a silvery potion
Found a book of Touch. 3 wights come into view.
There are monsters nearby!
There are monsters nearby!
Unknown command.
You barely miss the wight. You bite the wight.
The wight is lightly damaged.
The wight completely misses you.
You barely miss the wight.
The wight is lightly damaged.
You claw the wight! Your bite misses the wight.
The wight is almost destroyed.
The wight completely misses you.
You scratch the wight.
The wight is almost destroyed.
The wight hits you with a +5 great sword!
You feel drained. The wight hits you with a +2 battleaxe!
* * * LOW HITPOINT WARNING * * *
You feel drained.
* * * LOW HITPOINT WARNING * * *
You feel better. The wight closely misses you. The wight misses you.
You closely miss the wight.
The wight is almost destroyed.
The wight barely misses you. The wight completely misses you.
The wight hits you with a +0 morningstar!
You die...

... ##..#...###..##
........#.......##
................###
..................#.
..............##....#
..$.....#...........#
........#...........#
.......z..............
.......z@.#...........
.......z###...........
.........###.........
........## #.........
...:..... #......##
........# .###..#
......... .. .....####
.....


You could see 3 wights.

Vanquished Creatures
  Edmund (D:5)
  A phantom (D:4)
  3 scorpions
  A howler monkey (D:5)
  2 bombardier beetles (D:5)
  3 hounds (D:4)
  2 orc priests (D:5)
  A jelly (D:6)
  An iguana (D:4)
  2 orc wizards
  Robin (D:3)
  5 adders
  3 dart slugs
  A ribbon worm (D:2)
  16 orcs
  6 endoplasms
  3 giant cockroaches
  7 hobgoblins
  13 jackals
  13 kobolds
  7 quokkas
  11 ball pythons
  6 bats
  4 frilled lizards
  9 goblins
  5 rats
  A spectral hobgoblin (D:4)
128 creatures vanquished.

Notes
Turn   | Place    | Note
-------+----------+-------------------------------------------
     0 | D:1      | imdaedric the Felid Berserker began the quest for the Orb.
     0 | D:1      | Reached XP level 1. HP: 12/12 MP: 2/2
   129 | D:1      | Reached XP level 2. HP: 13/16 MP: 3/3
   748 | D:2      | Reached XP level 3. HP: 20/20 MP: 4/4
   750 | D:2      | Reached ** piety under Trog
   917 | D:2      | Reached skill level 1 in Shapeshifting
  1756 | D:3      | Reached XP level 4. HP: 24/24 MP: 5/5
  1756 | D:3      | Gained a life (2 lives remaining)
  1765 | D:3      | Identified the +5 helmet "Ylye" {MP-9 Int+9 Dex-5 SInv}
  1765 | D:3      | Noticed Robin
  1802 | D:3      | Killed Robin
  1803 | D:3      | Reached skill level 5 in Dodging
  2294 | D:3      | Noticed a scorpion
  2303 | D:3      | Killed a scorpion
  2304 | D:3      | Reached XP level 5. HP: 29/29 MP: 6/6
  2490 | D:4      | Found a snail-covered altar of Cheibriados.
  2808 | D:4      | Reached *** piety under Trog
  2812 | D:4      | HP: 1/29 [orc/+0 trident (8)]
  2813 | D:4      | Slain by an orc
  2813 | D:4      | Lost a life (1 life remaining)
  2826 | D:4      | Gained mutation: You are covered in thick fur. (AC +2)
                  | [Felid growth]
  2826 | D:4      | Reached XP level 6. HP: 33/33 MP: 7/7
  3033 | D:4      | Found a transporter.
  3056 | D:4      | Reached skill level 6 in Dodging
  3164 | D:4      | Found a shimmering blue altar of Sif Muna.
  3202 | D:4      | Found a transporter.
  3214 | D:4      | Found a hazy altar of Hepliaklqana.
  3362 | D:4      | Found an opulent altar of Gozag.
  3478 | D:5      | Entered Level 5 of the Dungeon
  3515 | D:5      | Reached XP level 7. HP: 34/38 MP: 8/8
  3515 | D:5      | Gained a life (2 lives remaining)
  3545 | D:5      | Found a glowing silver altar of Zin.
  3704 | D:5      | Found a burning altar of Makhleb.
  3846 | D:5      | Noticed Edmund
  3859 | D:5      | Killed Edmund
  3860 | D:5      | Reached skill level 5 in Fighting
  3860 | D:5      | Reached skill level 5 in Unarmed Combat
  4349 | D:5      | Killed from afar by an orc priest
  4349 | D:5      | Lost a life (1 life remaining)
  4798 | D:5      | Succumbed to a scorpion's poison
  4798 | D:5      | Lost a life (0 lives remaining)
  5032 | D:5      | Reached skill level 7 in Dodging
  5212 | D:6      | Found Jeenesorph's Magic Scroll Shoppe.
  5255 | D:6      | Slain by a wight

Illustrated notes

Levels and vault maps discovered:
D:1:      nicolae_arrival_washed_ashore, layout_basic
D:2:      layout_loops_ring, minmay_misc_feat_five, minmay_pentomino_v2
D:3:      layout_basic, kennysheep_generic_room_8, uniq_robin
D:4:      gammafunk_steamed_eel, layout_basic,
          nicolae_hepliaklqana_monster_ancestors, hellmonk_sif_muna_bookshelves,
          lemuel_tele_altar, kennysheep_slug_shrine
D:5:      layout_layer_cave, lemuel_crystal_altar,
          mainiacjoe_overflow_tiny_flanked, uniq_edmund
D:6:      layout_cave_pools, gammafunk_temple_overflow_elements,
          minmay_temple_entry_offerings, serial_shops, nicolae_stop_n_shop_2,
          serial_bayou, serial_bayou_pond_d, serial_bayou_lake_a,
          serial_bayou_pond_a, serial_bayou_pond_a

Skill      XL: |  1  2  3  4  5  6  7 |
---------------+----------------------+-----
Shapeshifting  | 1 2 3 |  3.4
Dodging        | 5 6 7 |  7.2
Fighting       | 4 5 |  5.3
Unarmed Combat | 4 5 |  5.3

Action                     |  1- 3 |  4- 6 |  7- 9 || total
---------------------------+-------+-------+-------++-------
  Melee: Unarmed           |   143 |   199 |   104 ||   446
         Bite              |     8 |    24 |    13 ||    45
         Punch             |     2 |     5 |     3 ||    10
 Invoke: Berserk           |       |     2 |     1 ||     3
         Trog's Hand       |       |     2 |       ||     2
    Use: Scroll            |     7 |     2 |       ||     9
         Potion            |       |       |     1 ||     1
   Stab: Sleeping          |     2 |       |     2 ||     4
 Armour: Skin              |    28 |    67 |    42 ||   137
  Dodge: Dodged            |   120 |   214 |    92 ||   426
